 Dungeon Crawl Stone Soup version 0.30.1-11-g7821555f0a (webtiles) character file.

Game seed: 3785257407478469222

14 Archimedes the Trooper (level 2, -4/27 HPs)
             Began as a Minotaur Berserker on Dec 8, 2023.
             Was a Follower of Trog.
             Frozen to death by an endoplasm (5 damage)
             ... on level 1 of the Dungeon on Dec 9, 2023.
             The game lasted 00:03:54 (183 turns).

Archimedes the Trooper (Minotaur Berserker)          Turns: 183, Time: 00:03:55

Health: -4/27      AC:  2    Str: 21    XL:     2   Next: 27%
Magic:  1/1        EV: 12    Int:  4    God:    Trog [*.....]
Gold:   15         SH:  0    Dex:  9    Spells: 1/1 levels left

rFire   . . .        a - +0 spear
rCold   . . .        (no shield)
rNeg    . . .        b - +0 animal skin
rPois   .            (helmet restricted)
rElec   .            (no cloak)
rCorr   .            (no gloves)
SInv    .            (no boots)
Will    .....        (no amulet)
Stlth   +            (no ring)
HPRegen 0.24/turn    (no ring)
MPRegen 0.07/turn

%: no passive effects
@: no status effects
A: horns 2, retaliatory headbutt
a: Renounce Religion, Berserk


You were on level 1 of the Dungeon.
You worshipped Trog.
Trog was aware of your devotion.
You visited 1 branch of the dungeon, and saw 1 of its levels.

You collected 15 gold pieces.

Inventory:

Hand Weapons
 a - a +0 spear (weapon)
 c - a +0 dagger
 d - a +0 sling
Missiles
 e - 4 stones (quivered)
Armour
 b - a +0 animal skin (worn)
Potions
 f - a potion of heal wounds {unknown}


   Skills:
 + Level 4.3 Fighting
 + Level 3.8 Polearms
 + Level 2.5 Armour
 + Level 2.2 Dodging


You had one spell level left.
You didn't know any spells.
Your spell library was empty.

Dungeon Overview and Level Annotations

Branches:
Dungeon (1/15)

Altars:


Innate Abilities, Weirdness & Mutations

You have a pair of horns on your head.
You reflexively headbutt those who attack you in melee.


Message History

The jackal is severely wounded.
The jackal bites you but does no damage.
The jackal bites you.
* * * LOW HITPOINT WARNING * * *
You barely miss the ball python.
You headbutt the ball python, but do no damage.
The ball python closely misses you. The ball python misses you.
The jackal closely misses you.
You barely miss the ball python.
The ball python bites you but does no damage.
The ball python closely misses you. The jackal bites you.
* * * LOW HITPOINT WARNING * * *
You barely miss the ball python.
A bat comes into view.
The jackal bites you.
* * * LOW HITPOINT WARNING * * *
The ball python bites you but does no damage.
The ball python grabs you. The ball python constricts you.
The bat moves out of view.
You barely miss the ball python. Your headbutt misses the ball python.
The jackal closely misses you. The ball python bites you.
* * * LOW HITPOINT WARNING * * *
The ball python constricts you.
The jackal bites you but does no damage.
You hit the ball python.
You kill the ball python!
Trog accepts your kill.
The jackal bites you but does no damage.
You hit the jackal.
The jackal is almost dead.
The jackal closely misses you. The endoplasm freezes you.
You are frozen.
* * * LOW HITPOINT WARNING * * *
You hit the jackal.
You kill the jackal!
Trog accepts your kill. The endoplasm freezes you.
You are frozen.
You die...

....#.. ♣♣♣...#
......##### ♣♣.....#
#........# ♣♣......#
#..#.....## ♣.......#
#.........# #♣.......#
#.##......## #.........
#.).....####........
..#.#..J................
..!...†@)..#............
....##.....#########♣♣♣♣
.....#........# ♣ ####
#.####.#.# ... ....#
#... ..### #... # #..


You could see an endoplasm.

Vanquished Creatures
  A hobgoblin (D:1)
  8 jackals (D:1)
  2 kobolds (D:1)
  A ball python (D:1)
12 creatures vanquished.

Notes
Turn   | Place    | Note
-------+----------+-------------------------------------------
     0 | D:1      | Archimedes the Minotaur Berserker began the quest for the
                  | Orb.
     0 | D:1      | Reached XP level 1. HP: 19/19 MP: 0/0
   131 | D:1      | Reached skill level 4 in Fighting
   135 | D:1      | Reached XP level 2. HP: 13/27 MP: 1/1
   182 | D:1      | HP: 1/27 [frozen (2)]
   183 | D:1      | Frozen to death by an endoplasm

Illustrated notes

Levels and vault maps discovered:
D:1:      sevenhm_arrival_forest_fort_large_4, layout_basic,
          dreamdust_ecumenical_altar_drowned_temple, grunt_decor_arrowhead

Skill      XL: |  1 |
---------------+----+-----
Fighting       | 4 |  4.3
Polearms       | |  3.8
Armour         | |  2.5
Dodging        | |  2.2

Action                     || total
---------------------------++-------
  Melee: Spear             ||    29
         Headbutt          ||     3
         Punch             ||     1
 Armour: Animal skin       ||    10
  Dodge: Dodged            ||    29
